 Dungeon Sprint DCSS version 0.26-a0-708-g17f3b190f9 (webtiles) character file.

Game seed: 1427765086508869489

13391 olmar the Peltast (level 11, -4/114 HPs)
             Began as a Minotaur Fighter on Oct 28, 2020.
             Was an Initiate of Gozag.
             Slain by a freezing wraith (8 damage)
             ... summoned by a mummy priest
             ... in the Dungeon (Sprint I: "Red Sonja").
             The game lasted 00:07:28 (2806 turns).

olmar the Peltast (Minotaur Fighter)                Turns: 2806, Time: 00:07:28

Health: -4/114     AC:  8    Str: 29    XL:     11   Next: 75%
Magic:  10/10      EV:  9    Int:  8    God:    Gozag
Gold:   4713       SH: 16    Dex:  9    Spells: 10/10 levels left

rFire    . . .     SeeInvis .   i - +5 flail "Cuekli Nutz" {vorpal, *Contam rPois rC+}
rCold    + + .     Faith    .   c - +0 kite shield
rNeg     . . .     Spirit   .   l - +6 chain mail "Sevusieq" {rElec rC+ Str+4 Int+3}
rPois    +         Reflect  .   r - +1 hat
rElec    +         Harm     .   (no cloak)
rCorr    .         Rampage  .   (no gloves)
MR       .....     NoTele   +   (no boots)
Stlth    ..........             (no amulet)
HPRegen  0.29/turn              (no ring)
MPRegen  0.12/turn              (no ring)

@: corroded
A: retaliatory headbutt, horns 2
a: Potion Petition, Call Merchant, Bribe Branch, Renounce Religion


You were in the Dungeon.
You worshipped Gozag.
Gozag was most pleased with you.
You visited 1 branch You collected 6877 gold pieces.
You spent 2164 gold pieces at shops.

Inventory:

Hand Weapons
 a - a +1 flail
 i - the +5 flail "Cuekli Nutz" (weapon) {vorpal, *Contam rPois rC+}
   (You found it in the Dungeon)

   It inflicts extra damage upon your enemies.
   It protects you from cold.
   It protects you from poison.
   It causes magical contamination when unequipped.
Armour
 b - a +4 chain mail of fire resistance
 c - a +0 kite shield (worn)
 f - a +0 chain mail
 l - the +6 chain mail "Sevusieq" (worn) {rElec rC+ Str+4 Int+3}
   (You found it in the Dungeon)

   It affects your strength (+4).
   It affects your intelligence (+3).
   It protects you from cold.
   It insulates you from electricity.
 r - a +1 hat (worn)
Wands
 n - a wand of digging (6)
Scrolls
 j - a scroll of blinking
Potions
 e - a potion of curing
 g - a potion of haste
 h - 2 potions of magic
 o - a potion of stabbing
 p - a potion of brilliance
 q - 2 potions of lignification
 t - a potion of degeneration {unknown}
Miscellaneous
 d - a box of beasts (3/3)
 m - a condenser vane (1/2)


   Skills:
 + Level 16.0 Fighting
 + Level 18.3 Maces & Flails
 + Level 16.3 Armour
 - Level 0.3 Dodging
 + Level 3.3 Stealth
 + Level 18.6 Shields
 + Level 5.0 Evocations


You had 10 spell levels left.
You didn't know any spells.
Your spell library was empty.

Dungeon Overview and Level Annotations

Branches:
Dungeon (1/1)

Altars:
Cheibriados
Dithmenos
Elyvilon
Fedhas
Gozag
Hepliaklqana
Kikubaaqudgha
Makhleb
Nemelex Xobeh
Okawaru
Qazlal
Ru
Sif Muna
Trog
Uskayaw
Vehumet
Wu Jian
Xom
Yredelemnul
Zin
The Shining One
Jiyva
Lugonu

Shops:
D ?((*}?:??*!*([[:

Annotations:
D exclusion: oklob plant


Innate Abilities, Weirdness & Mutations

You reflexively headbutt those who attack you in melee.
You have a pair of horns on your head.


Message History

The oklob plant is engulfed in blazing flames.
The oklob plant spits acid at you. The splash of acid hits you.
The acid corrodes you!
You are splashed with acid!
The mummy priest is engulfed in blazing flames.
Unknown command.
The oklob plant is engulfed in blazing flames.
The oklob plant spits acid at you. The splash of acid hits you!
The acid corrodes you!
You are splashed with acid!
* * * LOW HITPOINT WARNING * * *
The mummy priest is engulfed in blazing flames.
The mummy priest calls on the powers of darkness!
Your body is wracked with pain!
* * * LOW HITPOINT WARNING * * *
The freezing wraith hits you!
* * * LOW HITPOINT WARNING * * *
The freezing wraith freezes you. You resist.
* * * LOW HITPOINT WARNING * * *
The freezing wraith hits you!
You die...
Your body crumbles into a pile of gold. §§..+.§§.§.'..#^^+$$$$ $$$$$$ §####.§§§§##.H+^^#$$$$ $$$$$$ §# ###§..#######'#$$$$$ $$$$ .#+#§#§§+# #.)#$$$$$ $$$ $$$$ ##^§.§.#.# $$$#..##$$$$ $ $$$$ .#).§###..# $#.)≈### $$$ $$$$ ○'.....##.#A#$#..≈.)# $$$$

○#^....#
.###$#..≈.##
$$$ ^###++##
##..$#.@≈##
$$ ###..##
+###.W≈# $$
####..###
P§.M## $
#○○#..#.###
#M§..#
#°........#
###..# $
#.........#
+..# $
'......####
##'#


$$$$$$$$$$ $$ ##...### ≈≈≈ $$$$$$$$ $$ $##### $$$ You could see a mummy priest,
an oklob plant, a freezing wraith (summoned) and a mummy (summoned).

Vanquished Creatures
  A lorocyproca (D)
  A deep elf annihilator (D)
  A hydra (D)
  2 centaur warriors (D)
  Sonja (D)
  A deep troll (D)
  2 unseen horrors (D)
  A lindwurm (D)
  An oklob plant (D)
  2 merfolk sirens (D)
  A gargoyle (D)
  2 kobold demonologists (D)
  2 demonic crawlers (D)
  A hellwing (D)
  A meliai (D)
  5 hornets (D)
  A slime creature (D)
  2 redbacks (D)
  Sigmund (D)
  13 hogs (D)
  A yak (D)
  3 floating eyes (D)
  7 necrophages (D)
  An ogre (D)
  8 jellies (D)
  Ijyb (D)
  A ballistomycete spore (D)
64 creatures vanquished.

Vanquished Creatures (collateral kills)
  2 demonic crawlers (D)
2 creatures vanquished.

Vanquished Creatures (others)
  A ballistomycete spore (D)
1 creature vanquished.

Grand Total: 67 creatures vanquished

Notes
Turn   | Place    | Note
-------+----------+-------------------------------------------
     0 | D        | olmar the Minotaur Fighter began the quest for the Orb.
     0 | D        | Reached XP level 1. HP: 19/19 MP: 0/0
     2 | D        | Noticed Ijyb
    19 | D        | Killed Ijyb
    19 | D        | Reached skill level 5 in Fighting
    19 | D        | Reached skill level 5 in Shields
    19 | D        | Reached XP level 2. HP: 25/29 MP: 1/1
    22 | D        | Noticed an ogre
    26 | D        | Killed an ogre
    26 | D        | Reached skill level 5 in Maces & Flails
    26 | D        | Reached XP level 3. HP: 39/39 MP: 2/2
    26 | D        | Reached XP level 4. HP: 47/47 MP: 3/3
    50 | D        | Noticed Sigmund
    59 | D        | Killed Sigmund
    59 | D        | Reached XP level 5. HP: 22/56 MP: 4/4
   132 | D        | Found an ornate altar of the Wu Jian Council.
   132 | D        | Found a shimmering blue altar of Sif Muna.
   134 | D        | Found a radiant altar of Vehumet.
   138 | D        | Reached XP level 6. HP: 32/63 MP: 5/5
   248 | D        | Found Lowoidd's Magic Scroll Emporium.
   248 | D        | Found an ancient bone altar of Kikubaaqudgha.
   248 | D        | Found a hazy altar of Hepliaklqana.
   248 | D        | Found a hide-covered altar of Uskayaw.
   248 | D        | Found a basalt altar of Yredelemnul.
   248 | D        | Found an opulent altar of Gozag.
   248 | D        | Found a snail-covered altar of Cheibriados.
   248 | D        | Found a sacrificial altar of Ru.
   248 | D        | Found a shadowy altar of Dithmenos.
   248 | D        | Noticed a yak
   255 | D        | Killed a yak
   256 | D        | Found a stormy altar of Qazlal.
   256 | D        | Found a blossoming altar of Fedhas.
   256 | D        | Found a bloodstained altar of Trog.
   256 | D        | Found an iron altar of Okawaru.
   256 | D        | Found a glowing golden altar of the Shining One.
   256 | D        | Found a glowing silver altar of Zin.
   256 | D        | Found a white marble altar of Elyvilon.
   257 | D        | Found a sparkling altar of Nemelex Xobeh.
   261 | D        | Became a worshipper of Gozag Ym Sagoz the Greedy
   376 | D        | Found a burning altar of Makhleb.
   376 | D        | Found a viscous altar of Jiyva.
   376 | D        | Found a shimmering altar of Xom.
   376 | D        | Found a corrupted altar of Lugonu.
   376 | D        | Noticed a slime creature
   387 | D        | Killed a slime creature
   387 | D        | Reached skill level 10 in Fighting
   387 | D        | Reached skill level 10 in Shields
   387 | D        | Reached XP level 7. HP: 51/72 MP: 6/6
   448 | D        | Noticed a centaur warrior
   448 | D        | Noticed a centaur warrior
   484 | D        | Killed a centaur warrior
   484 | D        | Reached skill level 10 in Armour
   484 | D        | Reached XP level 8. HP: 60/82 MP: 7/7
   519 | D        | Killed a centaur warrior
   524 | D        | Noticed a hornet
   717 | D        | Killed a hornet
   717 | D        | Reached XP level 9. HP: 43/90 MP: 8/8
   718 | D        | Noticed an oklob plant
   907 | D        | Killed an oklob plant
   907 | D        | Reached skill level 1 in Stealth
  1270 | D        | Reached skill level 15 in Maces & Flails
  1506 | D        | Got a dazzling flail
  1510 | D        | Got a polished chain mail
  1521 | D        | Identified the +6 chain mail "Sevusieq" {rElec rC+ Str+4
                  | Int+3} (You found it in the Dungeon)
  1521 | D        | Identified the +5 flail "Cuekli Nutz" {vorpal, *Contam
                  | rPois rC+} (You found it in the Dungeon)
  1524 | D        | Found Quzadgh's Antique Weapon Shoppe.
  1524 | D        | Found Tuex's Antique Weapon Shop.
  1524 | D        | Found Diozaily's General Store.
  1526 | D        | Found Zerej's Gadget Emporium.
  1526 | D        | Found Seezin's Magic Scroll Shop.
  1526 | D        | Found Tuma's Book Shoppe.
  1526 | D        | Found Osacyunu's Magic Scroll Boutique.
  1526 | D        | Found Byumaf's Magic Scroll Emporium.
  1526 | D        | Found Inauduge's Assorted Antiques.
  1526 | D        | Found Biesur's Distillery.
  1529 | D        | Found Tyffunus's Assorted Antiques.
  1530 | D        | Bought a condenser vane (2/2) for 240 gold pieces
  1530 | D        | Found Cungopev's Antique Armour Emporium.
  1530 | D        | Found Rakkawui's Antique Weapon Boutique.
  1532 | D        | Bought a wand of digging (7) for 264 gold pieces
  1533 | D        | Found Osmaid's Book Emporium.
  1538 | D        | Bought a potion of stabbing for 48 gold pieces
  1538 | D        | Bought a potion of brilliance for 48 gold pieces
  1538 | D        | Bought 2 potions of lignification for 72 gold pieces
  1540 | D        | Bought a runed hat for 168 gold pieces
  1541 | D        | Bought a manual of Shields for 1324 gold pieces
  1563 | D        | Killed an unseen horror
  1563 | D        | Reached XP level 10. HP: 87/100 MP: 9/9
  1588 | D        | Killed an unseen horror
  1684 | D        | Noticed a deep troll
  1688 | D        | Killed a deep troll
  1695 | D        | Found Mekloq's Armour Emporium.
  1713 | D        | Noticed Sonja
  1715 | D        | Killed Sonja
  1857 | D        | Reached skill level 15 in Shields
  1862 | D        | Reached skill level 1 in Evocations
  1894 | D        | Noticed a lindwurm
  1900 | D        | Killed a lindwurm
  1914 | D        | Noticed a gargoyle
  1921 | D        | Killed a gargoyle
  1921 | D        | Reached skill level 15 in Fighting
  1921 | D        | Reached XP level 11. HP: 52/111 MP: 10/10
  2125 | D        | Reached skill level 15 in Armour
  2146 | D        | Killed a lorocyproca
  2169 | D        | Noticed a daeva
  2507 | D        | Noticed a 12-headed hydra
  2513 | D        | Killed a 12-headed hydra
  2668 | D        | Noticed a deep elf annihilator
  2672 | D        | Killed a deep elf annihilator
  2692 | D        | Reached skill level 5 in Evocations
  2799 | D        | Noticed a mummy priest
  2801 | D        | Noticed an oklob plant
  2806 | D        | HP: 4/114 [freezing wraith[a mummy priest] (6)]
  2806 | D        | Slain by a freezing wraith

Illustrated notes

Levels and vault maps discovered:
D:        dungeon_sprint_1 [red_sonja_temple_1, red_sonja_temple_small_1]

Skill      XL: |  1  2  3  4  5  6  7  8  9 10 11 |
---------------+----------------------------------+-----
Fighting       | 5 7 8 9 10 11 12 13 15 16 | 16.0
Maces & Flails | 3 5 7 9 12 13 15 17 18 | 18.3
Armour         | 4 6 7 8 9 10 11 13 14 16 | 16.3
Shields        | 5 6 8 10 11 12 13 16 18 | 18.6
Stealth        | 1 3 |  3.3
Evocations     | 1 5 |  5.0
Dodging        | |  0.3

Action                   |  1- 3 |  4- 6 |  7- 9 | 10-12 || total
-------------------------+-------+-------+-------+-------++-------
Melee: Flail             |    20 |    27 |    98 |    89 ||   234
       Headbutt          |     3 |     7 |    20 |    18 ||    48
Evoke: Condenser vane    |       |       |       |    10 ||    10
       Box of beasts     |       |       |       |     8 ||     8
       Wand              |       |       |       |     1 ||     1
  Use: Potion            |     1 |     1 |     1 |     2 ||     5
       Scroll            |       |       |       |     2 ||     2
 Stab: Confused          |       |       |       |     2 ||     2
Armor: Scale mail        |    10 |     1 |       |       ||    11
       Chain mail        |       |     2 |    20 |    84 ||   106
Dodge: Dodged            |     2 |     2 |    16 |    40 ||    60
Block: Kite shield       |     7 |    11 |    22 |    89 ||   129

Table legend: (Time is in decaauts)
 A = Elapsed time spent in this place.
 B = Non-inter-level travel time spent in this place.
 C = Inter-level travel time spent in this place.
 D = Time resting spent in this place.
 E = Time spent auto-exploring this place.
 F = Levels seen in this place.
 G = Mean time per level.
                   A        B        C        D        E       F      G
               +--------+--------+--------+--------+--------+-----+--------+
         Total |   2763 |   2734 |     29 |   1787 |      0 |   1 | 2763.0 |
       Dungeon |   2763 |   2734 |     29 |   1787 |      0 |   1 | 2763.0 |
               +--------+--------+--------+--------+--------+-----+--------+

Top non-repeatable levels by time:
       D: 2763 daAuts
